 Dungeon Crawl Stone Soup version 0.32-a0-876-gcfddb08e57 (webtiles) character file.

Game seed: 2589383727266224989

41 Autsider the Magician (level 3, -5/31 HPs)
             Began as an Oni Hedge Wizard on Apr 1, 2024.
             Slain by an iguana (14 damage)
             ... on level 2 of the Dungeon.
             The game lasted 00:04:17 (1516 turns).

Autsider the Magician (Oni Hedge Wizard)            Turns: 1516, Time: 00:04:18

Health: -5/31      AC:  1    Str: 14    XL:     3   Next: 52%
Magic:  0/8        EV:  8    Int: 17    God:
Gold:   56         SH:  0    Dex:  8    Spells: 5/10 levels left

rFire   . . .        i - +0 club
rCold   . . .        (no shield)
rNeg    . . .        (body armour restricted)
rPois   .            c - +0 hat
rElec   .            (no cloak)
rCorr   .            (gloves unavailable)
SInv    .            (boots unavailable)
Will    .....        (no amulet)
Stlth   +            (no ring)
HPRegen 0.25/turn    (no ring)
MPRegen 0.11/turn

%: no passive effects
@: no status effects
A: large, unfitting armour, horns 1, tough skin 1, double potion healing,
drunken brawling
a: no special abilities


You were on level 2 of the Dungeon.
You visited 1 branch of the dungeon, and saw 2 of its levels.

You collected 56 gold pieces.

Inventory:

Hand Weapons
 i - a +0 club (weapon)
Armour
 b - a +0 robe
 c - a +0 hat (worn)
Scrolls
 e - 3 scrolls of identify {unknown}
 f - a scroll of amnesia {unknown}
 h - a scroll of poison {unknown}
Potions
 a - a potion of berserk rage {unknown}
 d - a potion of magic
 g - a potion of curing {unknown}


   Skills:
 - Level 1.7 Dodging
 - Level 1.4 Stealth
 - Level 4.0 Spellcasting
 + Level 1.6 Conjurations
 + Level 1.6 Summonings
 + Level 1.6 Translocations


You had 5 spell levels left.
You knew the following spells:

 Your Spells              Type           Power      Damage    Failure   Level
a - Magic Dart            Conj           32%        1d4       9%          1
z - Blink                 Tloc           18%        N/A       12%         2
A - Call Imp              Summ           16%        N/A       12%         2

Your spell library contained the following spells:

 Spells                   Type           Power      Damage    Failure   Level
 Slow                     Hex            12%        N/A       16%         1
 Cigotuvi's Dreadful Rot  Necr/Alch/Air  6%         N/A       24%         2
 Mephitic Cloud           Conj/Alch/Air  5%         N/A       36%         3
 Brom's Barrelling Bould  Conj/Erth      6%         2d3       75%         4
 Iskenderun's Battlesphe  Conj           8%         2d6       92%         5
 Fireball                 Conj/Fire      3%         3d4       97%         5
 Conjure Ball Lightning   Conj/Air       3%         3x3d6     100%        6
 Orb of Destruction       Conj           4%         9d5       100%        7


Dungeon Overview and Level Annotations

Branches:
Dungeon (2/15)

Altars:

Annotations:
D:1 exclusion: downstairs
D:2 exclusion: iguana


Innate Abilities, Weirdness & Mutations

You are too large for most types of armour.
You have a pair of small horns on your head.
You have tough skin. (AC +1)
You gain doubled healing and magic from potions.
Whenever you drink a healing potion, you attack all around you.


Message History

Aim: an iguana (purple smoke, lightly wounded, ally target, 100% to hit)
The magic dart hits the iguana but does no damage.
The iguana is lightly wounded.
The iguana closely misses you.
Your cerulean imp hits the iguana but does no damage.
Casting: Magic Dart (safe; 9% risk of failure)
Confirm with . or Enter, or press ? or * to list all spells.
Aiming: Magic Dart (safe; 9% risk of failure)
Press: ? - help, Shift-Dir - straight line, f/p - iguana
Aim: an iguana (lightly wounded, ally target, 100% to hit)
The magic dart hits the iguana but does no damage.
The iguana is lightly wounded.
The iguana barely misses you.
Your cerulean imp hits the iguana but does no damage.
Casting: Magic Dart (safe; 9% risk of failure)
Confirm with . or Enter, or press ? or * to list all spells.
Aiming: Magic Dart (safe; 9% risk of failure)
Press: ? - help, Shift-Dir - straight line, f/p - iguana
Aim: an iguana (lightly wounded, ally target, 100% to hit)
The magic dart hits the iguana but does no damage.
The iguana is lightly wounded.
The iguana bites you!
* * * LOW HITPOINT WARNING * * *
Your cerulean imp barely misses the iguana.
You closely miss the iguana. You headbutt the iguana.
The iguana is moderately wounded.
The iguana barely misses you.
Your cerulean imp hits the iguana but does no damage.
You hit the iguana but do no damage. Your headbutt misses the iguana.
The iguana is moderately wounded.
The iguana bites you.
* * * LOW HITPOINT WARNING * * *
Your cerulean imp hits the iguana but does no damage.
You hit the iguana but do no damage. You headbutt the iguana.
The iguana is heavily wounded.
The iguana bites you.
* * * LOW HITPOINT WARNING * * *
Your cerulean imp barely misses the iguana.
The iguana bites you!
You die...

#............###
#.###.######.#.###
#.# #.# #......
#.###.###.#
#......
#.........#
##.....
#####.##### ##.###
#####.##### #.#
#.........# #.#
#.###@###.#.# ##+#
#l###..# ##...##
#5....# ##l....#
####...# ##...>...
.#.##......<. ..
.........
.##........
##........
#.#.....#


You could see an iguana (ally target) and a friendly cerulean imp (summoned).

Vanquished Creatures
  An adder (D:2)
  A dart slug (D:1)
  3 endoplasms (D:1)
  A giant cockroach (D:1)
  A goblin (D:1)
  4 hobgoblins
  2 kobolds (D:2)
  4 ball pythons (D:1)
  6 bats
  4 frilled lizards (D:1)
  3 rats (D:1)
30 creatures vanquished.

Notes
Turn   | Place    | Note
-------+----------+-------------------------------------------
     0 | D:1      | Autsider the Oni Hedge Wizard began the quest for the Orb.
     0 | D:1      | Reached XP level 1. HP: 16/16 MP: 5/5
    34 | D:1      | Reached skill level 1 in Conjurations
    34 | D:1      | Reached skill level 1 in Summonings
    34 | D:1      | Reached skill level 1 in Translocations
   227 | D:1      | Reached XP level 2. HP: 24/24 MP: 2/6
   598 | D:1      | Learned a level 2 spell: Call Imp
   867 | D:1      | Reached XP level 3. HP: 31/31 MP: 1/8
   938 | D:1      | Reached skill level 4 in Spellcasting
  1000 | D:1      | Learned a level 2 spell: Blink
  1516 | D:2      | Slain by an iguana

Illustrated notes

Levels and vault maps discovered:
D:1:      tarquinn_simple_flora_water_d, layout_loops_ring
D:2:      layout_loops_corners, ebering_ecumenical_altar_petrified,
          chequers_avenue, uniq_robin

Skill      XL: |  1  2  3 |
---------------+----------+-----
Conjurations   | 1 |  1.6
Summonings     | 1 |  1.6
Translocations | 1 |  1.6
Spellcasting   | 4 |  4.0
Dodging        | |  1.7
Stealth        | |  1.4

Action                     || total
---------------------------++-------
  Melee: Unarmed           ||    22
         Headbutt          ||     3
         Club              ||     3
   Cast: Magic Dart        ||    66
         Call Imp          ||     4
 Armour: Skin              ||    33
  Dodge: Dodged            ||    22

Table legend: (Time is in decaauts)
 A = Elapsed time spent in this place.
 B = Non-inter-level travel time spent in this place.
 C = Inter-level travel time spent in this place.
 D = Time resting spent in this place.
 E = Time spent auto-exploring this place.
 F = Levels seen in this place.
 G = Mean time per level.
                   A        B        C        D        E       F      G
               +--------+--------+--------+--------+--------+-----+--------+
         Total |   1516 |   1461 |     55 |     48 |   1198 |   2 |  758.0 |
       Dungeon |   1516 |   1461 |     55 |     48 |   1198 |   2 |  758.0 |
               +--------+--------+--------+--------+--------+-----+--------+

Top non-repeatable levels by time:
     D:1: 1205 daAuts
     D:2: 310 daAuts
